 Dungeon Crawl Stone Soup version 0.24-a0-291-g79c1ce7 (webtiles) character file.

Game seed: 1043245137297948978

65 Mgcat the Skirmisher (level 3, 0/29 HPs)
             Began as a Mummy Monk on May 9, 2019.
             Slain by a worm (6 damage)
             ... on level 5 of the Dungeon.
             The game lasted 00:05:46 (2973 turns).

Mgcat the Skirmisher (Mummy Monk)                   Turns: 2973, Time: 00:05:47

Health: 0/29       AC:  4    Str: 15    XL:     3   Next: 94%
Magic:  3/3        EV: 10    Int:  9    God:
Gold:   104        SH:  7    Dex: 14    Spells: 2/2 levels left

rFire    x . .     SeeInvis .     - Unarmed
rCold    + . .     Gourm    .   a - +0 shield
rNeg     + + +     Faith    .   (no armour)
rPois    ∞         Spirit   .   c - +0 hat
rElec    .         Reflect  .   (no cloak)
rCorr    +         Harm     .   g - +2 pair of gloves
MR       .....                  f - +0 pair of boots
Stlth    ++........             (no amulet)
HPRegen  0.09/turn              e - ring of resist corrosion
MPRegen  0.08/turn              (no ring)

@: about to teleport
A: no food or potions, fire vulnerability, cold resistance 1, negative energy
resistance 3, torment resistance, unbreathing
a: no special abilities


You were on level 5 of the Dungeon.
You were not hungry.

You visited 1 branch of the dungeon, and saw 4 of its levels.

You collected 104 gold pieces.

Inventory:

Armour
 a - a +0 shield (worn)
   (You found it on level 1 of the Dungeon)
 c - a +0 hat (worn)
   (You found it on level 1 of the Dungeon)
 f - a +0 pair of boots (worn)
   (You found it on level 2 of the Dungeon)
 g - a +2 pair of gloves (worn)
   (You found it on level 2 of the Dungeon)
Jewellery
 e - a ring of resist corrosion (left hand)
   (You found it on level 1 of the Dungeon)
Scrolls
 h - a scroll of remove curse


   Skills:
 + Level 3.4 Fighting
 - Level 2.4 Dodging
 - Level 3.0 Stealth
 + Level 2.8 Unarmed Combat


You had 2 spell levels left.
You didn't know any spells.
Your spell library was empty.

Dungeon Overview and Level Annotations

Branches:
Dungeon (5/15)
 Temple: D:4-7

Altars:

Annotations:
D:3 1 exclusion, Grinder
D:5 exclusion: ogre


Innate Abilities, Weirdness & Mutations

You do not eat or drink.
Your flesh is vulnerable to fire.
You are immune to poison.
Your flesh is cold resistant. (rC+)
You are immune to negative energy. (rN+++)
You are immune to unholy pain and torment.
You can survive without breathing.


Message History

You are too injured to fight recklessly!
A goblin is nearby!
You punch the goblin!
You kill the goblin!
Things that are here:
a +0 dagger; a goblin corpse
There is a stone staircase leading up here.
You start resting.
HP restored.
Health restored: 29 Drop what? 8/52 slots (_ for help) (? for menu, Esc to quit)
Okay, then.
Unknown command.
You now have 104 gold pieces (gained 13).
An orc comes into view. It is wielding a +0 trident.
Unknown command.
Unknown command.
You fall through a shaft for 2 floors!
The shaft crumbles and collapses.
Unknown command.
Unknown command.
Unknown command.
Unknown command.
Unknown command.
Unknown command.
An ogre comes into view. It is wielding a +0 giant spiked club.
Spoiler Alert: The ogre (sleeping) can hit for high damage in melee!
Unknown command.
Found a stone staircase leading up.
You see here a glowing grey potion. 2 orcs and an orc wizard come into view.
The orc wizard shouts!
Found a stone staircase leading up.
Spoiler Alert: The orc wizard might cast Slow, Confuse, or go Invisible!
Unknown command.
Unknown command.
Unknown command.
You start waiting.
The orc wizard is too close now for your liking.
Unknown command.
Unknown command.
You start waiting.
The orc is too close now for your liking.
Spoiler Alert: The orc wizard might cast Slow, Confuse, or go Invisible!
The orc shouts!
The orc wizard gestures wildly while chanting.
The orc wizard flickers and vanishes!
Deactivating autopickup; reactivate with Ctrl-A.
A worm comes into view.
Spoiler Alert: The worm (wandering) can hit for moderate damage in melee!
You hit the orc.
The orc is moderately wounded.
The orc hits you but does no damage.
Spoiler Alert: The worm can hit for moderate damage in melee!
You closely miss the orc.
The orc is moderately wounded.
The orc hits you with a +0 club.
You take 1 damage, and have 28/29 hp.
You barely miss the orc.
The orc is moderately wounded.
The orc barely misses you.
Spoiler Alert: The worm can hit for moderate damage in melee!
You hit the orc.
You kill the orc!
You miss something. Something hits you.
You take 3 damage, and have 25/29 hp.
You closely miss something. Something hits you but does no damage.
As you read the scroll labeled CIETOQ RORADD, it crumbles to dust.
It is a scroll of identify.
h - a scroll of remove curse Something hits you but does no damage.
Spoiler Alert: The worm can hit for moderate damage in melee!
As you read the scroll of identify, it crumbles to dust.
d - a scroll of teleportation Something hits you but does no damage.
You hit something but do no damage. Something hits you but does no damage.
As you read the scroll of teleportation, it crumbles to dust.
You feel strangely unstable. Something hits you. You block the worm's attack.
You take 4 damage, and have 22/29 hp.
Spoiler Alert: The worm can hit for moderate damage in melee!
Unknown command.
Unknown command.
You hit something but do no damage. Something hits you.
You take 1 damage, and have 21/29 hp.
Unknown command.
Unknown command.
Spoiler Alert: The worm can hit for moderate damage in melee!
You closely miss something. You block the worm's attack.
You hear some strange, mumbled words.
A puff of flame appears from out of thin air!
The puff of flame hits you! The fire burns you terribly!
Ouch! That really hurt!
* * * LOW HITPOINT WARNING * * *
You take 15 damage, and have 6/29 hp.
MASSIVE DAMAGE!!
Spoiler Alert: The worm can hit for moderate damage in melee!
Unknown command.
Unknown command.
Your shield prevents you from hitting something.
Something hits you but does no damage. The worm bites you.
You die...

#o #o #o #. #.######
#.#..{.# ##.#.#.#.##@#
..<.....!.#w#############
.%......................#
<..#.#.#..#.####........##
. # #.#..#.# #.........#
#.#..#.# #.........#
.............###.....
#.##.........# ..... #.
......##..# ....


You could see a worm.

Vanquished Creatures
  An adder (D:2)
  3 oozes
  2 worms (D:2)
  2 dart slugs
  A leopard gecko (D:1)
  An orc (D:5)
  A ball python (D:2)
  3 bats
  3 giant cockroaches
  5 goblins
  6 kobolds (D:2)
  2 frilled lizards
  4 rats
34 creatures vanquished.

Notes
Turn   | Place    | Note
-------+----------+-------------------------------------------
     0 | D:1      | Mgcat the Mummy Monk began the quest for the Orb.
     0 | D:1      | Reached XP level 1. HP: 18/18 MP: 1/1
    94 | D:1      | Reached skill level 2 in Stealth
   290 | D:1      | Reached XP level 2. HP: 17/24 MP: 2/2
  1135 | D:2      | Reached skill level 3 in Stealth
  1236 | D:2      | Reached XP level 3. HP: 27/29 MP: 3/3
  2351 | D:3      | Noticed Grinder
  2935 | D:3      | You fall through a shaft for 2 floors!
  2935 | D:5      | Entered Level 5 of the Dungeon
  2936 | D:5      | Noticed an ogre
  2972 | D:5      | HP: 6/29 [something/puff of flame (15)]
  2973 | D:5      | Slain by a worm

Levels and vault maps discovered:
D:1:      minmay_arrival_up_and_down, layout_basic
D:2:      layout_loops_ring, grunt_decor_arrowhead
D:3:      layout_rooms, first_ration, grunt_ministairs_3, uniq_grinder
D:5:      layout_basic, basic_altar, serial_shops, kennysheep_mini_moat

Skill      XL: |  1  2 |
---------------+-------+-----
Stealth        | 2 3 |  3.0
Fighting       | |  3.4
Dodging        | |  2.4
Unarmed Combat | |  2.8

Action                   || total
-------------------------++-------
Melee: Unarmed           ||   157
  Use: Scroll            ||     3
 Stab: Sleeping          ||     5
Armor: Skin              ||    23
Dodge: Dodged            ||    50
Block: Shield            ||    39

Table legend:
 A = Non-vault XP
 B = Vault XP
 C = Vault XP percentage of total XP
 D = Non-vault monster count
 E = Vault monster count
 F = Vault count percentage of total count
                 A         B        C        D         E       F
            +---------+---------+-------+---------+---------+-------
      Total |      91 |       3 |   3.2 |      32 |       2 |   5.9
            +---------+---------+-------+---------+---------+-------
        D:1 |      26 |       0 |   0.0 |       7 |       0 |   0.0
        D:2 |      52 |       3 |   5.5 |      20 |       2 |   9.1
        D:3 |      10 |       0 |   0.0 |       4 |       0 |   0.0
        D:5 |       3 |       0 |   0.0 |       1 |       0 |   0.0
            +---------+---------+-------+---------+---------+-------

Levels and vault maps discovered:
D:1:      minmay_arrival_up_and_down, layout_basic
D:2:      layout_loops_ring, grunt_decor_arrowhead
D:3:      layout_rooms, first_ration, grunt_ministairs_3, uniq_grinder
D:5:      layout_basic, basic_altar, serial_shops, kennysheep_mini_moat

Table legend:
 A = Turns spent in this place as a percentage of turns spent in the entire game.
 B = Non-inter-level travel turns spent in this place as a percentage of non-inter-level travel turns spent in the entire game.
 C = Inter-level travel turns spent in this place as a percentage of turns spent in this place.
 D = Turns resting spent in this place as a percentage of non-inter-level travel turns spent in this place.
 E = Turns spent auto-exploring this place as a percentage of non-inter-level travel turns spent in this place.
 F = Non-inter-level travel turns spent in this place divided by the number of levels of this place that you've seen.
                   A       B       C       D       E      F
               +-------+-------+-------+-------+-------+----------------------
         Total | 100.0 | 100.0 |   6.9 |  17.4 |  65.9 | 692.0
       Dungeon | 100.0 | 100.0 |   6.9 |  17.4 |  65.9 | 692.0
               +-------+-------+-------+-------+-------+----------------------

Table legend:
 A = Kills in this place as a percentage of kills in entire the game.
 B = Kills by you in this place as a percentage of kills by you in the entire game.
 C = Kills by friends in this place as a percentage of kills by friends in the entire game.
 D = Other kills in this place as a percentage of other kills in the entire game.
 E = Experience gained in this place as a percentage of experience gained in the entire game.
 F = Experience gained in this place divided by the number of levels of this place that you have seen.
                   A       B       C       D       E      F
               +-------+-------+-------+-------+-------+----------------------
         Total | 100.0 | 100.0 |   N/A |   N/A | 100.0 |  23.5
       Dungeon | 100.0 | 100.0 |   N/A |   N/A | 100.0 |  23.5
               +-------+-------+-------+-------+-------+----------------------
